AoeStats
← Josep152x

Arena

507568035Analyzed
2v2 RM · 15d ago on Sep 18, 2026· 53m 37s· 4 players
Game mode
Random Map
Map size
Medium (4 player)
Population
200
Speed
Normal
Resources
Standard
Victory
Conquest
Starting age
Dark Age
Ending age
Imperial Age
RankedLock teamsTeams togetherTeam positionsShared explorationLock speedFull tech treeHidden civsTurbo modeCheats
Victory
Defeat
🇪🇸 Bohemians · Spain
642
+18
🇪🇸 Bohemians · Spain
582
+20
🇪🇸 Slavs · Spain
688
-19
🇪🇸 Chinese · Spain
688
-19
Garesss
13:48 Feudal Age
19:21 Castle Age
17:55 Horse Collar
18:05 Double-Bit Axe
19:07 Wheelbarrow
20:11 Pikeman
24:23 Bow Saw
24:16 Heavy Plow
28:33 Hand Cart
28:51 Squires
29:23 Ballistics
34:09 Imperial Age
32:09 Fletching
32:30 Forging
32:22 Scale Mail Armor
32:22 Padded Archer Armor
33:42 Chemistry
32:44 Arson
35:56 Conscription
35:03 Halberdier
36:12 Elite Skirmisher
37:00 Bodkin Arrow
37:41 Iron Casting
38:23 Two-Man Saw
40:36 Blast Furnace
39:54 Chain Mail Armor
40:28 Siege Engineers
40:53 Bracer
41:44 Leather Archer Armor
42:51 Plate Mail Armor
45:10 Ring Archer Armor
44:54 Houfnice
46:04 Elite Hussite Wagon
dan_sp
13:07 Loom
16:14 Feudal Age
17:57 Wheelbarrow
17:10 Town Watch
18:22 Horse Collar
18:31 Double-Bit Axe
23:59 Castle Age
25:07 Hand Cart
24:53 Town Patrol
24:29 Elite Skirmisher
25:58 Pikeman
26:39 Squires
27:40 Bow Saw
30:19 Imperial Age
29:55 Wagenburg Tactics
35:03 Husbandry
35:14 Padded Archer Armor
35:05 Fletching
35:26 Forging
35:17 Scale Mail Armor
35:23 Scale Barding Armor
36:46 Hussite Reforms
38:48 Elite Hussite Wagon
38:59 Heavy Scorpion
41:07 Two-Man Saw
40:12 Heavy Plow
40:58 Cavalier
43:44 Man-at-Arms
43:52 Halberdier
48:16 Murder Holes
48:33 Fortified Wall
48:14 Guard Tower
49:27 Chemistry
48:15 Arrowslits
48:44 Masonry
48:58 Ballistics
49:11 Bodkin Arrow
49:31 Leather Archer Armor
49:32 Chain Mail Armor
49:53 Iron Casting
49:38 Chain Barding Armor
54:20 Ring Archer Armor
53:50 Bracer
54:51 Blast Furnace
54:22 Plate Mail Armor
Josep152x
10:47 Feudal Age
13:50 Horse Collar
14:56 Double-Bit Axe
21:59 Castle Age
26:54 Detinets
30:29 Imperial Age
27:52 Gold Mining
27:54 Stone Mining
28:17 Bow Saw
28:25 Heavy Plow
30:17 Ballistics
29:53 Murder Holes
33:28 Two-Man Saw
34:53 Onager
37:35 Coinage
37:07 Caravan
37:58 Crop Rotation
38:34 Bloodlines
38:26 Husbandry
38:41 Forging
38:37 Scale Barding Armor
38:25 Fletching
40:44 Siege Engineers
41:43 Chemistry
43:09 Hoardings
42:58 Conscription
43:09 Siege Onager
45:09 Banking
49:32 Iron Casting
49:17 Chain Barding Armor
48:53 Bodkin Arrow
52:18 Blast Furnace
51:53 Plate Barding Armor
Laràs
9:44 Loom
13:01 Feudal Age
13:32 Horse Collar
13:43 Double-Bit Axe
17:11 Man-at-Arms
18:20 Gold Mining
19:21 Wheelbarrow
23:24 Castle Age
23:32 Long Swordsman
24:52 Gold Shaft Mining
24:21 Heavy Plow
24:34 Bow Saw
23:52 Crossbowman
24:43 Scale Mail Armor
27:16 Squires
27:30 Fletching
28:08 Hand Cart
27:51 Stone Mining
28:12 Town Watch
28:14 Pikeman
29:51 Thumb Ring
30:46 Stone Shaft Mining
30:54 Chain Mail Armor
39:45 Imperial Age
41:02 Ballistics
40:05 Arbalester
40:57 Two-Handed Swordsman
41:38 Bodkin Arrow
41:56 Arson
43:51 Two-Man Saw
43:20 Conscription
42:26 Elite Chu Ko Nu
45:24 Chemistry
46:34 Rocketry
46:00 Heavy Rocket Cart
Connection lost

Rejoining the realm…

Still unreachable

The connection could not be restored.

Session expired

The server has moved on; the page needs a fresh start.